 Dungeon Crawl Stone Soup version 0.19-a0-34-g6972264 (webtiles) character file.

49 zxpr0jk the Chopper (level 3, -2/29 HPs)
             Began as a Demonspawn Chaos Knight on May 2, 2016.
             Slain by a hound (3 damage)
             ... on level 4 of the Dungeon.
             The game lasted 00:03:29 (645 turns).

zxpr0jk the Chopper (Demonspawn Chaos Knight)        Turns: 645, Time: 00:03:29

Health: -2/29      AC:  7    Str: 14    XL:     3   Next: 51%
Magic:  3/3        EV: 11    Int: 13    God:    Xom [.*....]
Gold:   83         SH:  0    Dex: 13    Spells: 0 memorised, 2 levels left

rFire  . . .     SeeInvis .     a - +0 hand axe (chaos)
rCold  . . .     Gourm    .     b - +2 leather armour
rNeg   . . .     Faith    .     (no shield)
rPois  .         Spirit   .     (no helmet)
rElec  .         Dismiss  .     (no cloak)
rCorr  .         Reflect  .     (no gloves)
SustAt .         Harm     .     (no boots)
MR     .....                    (no amulet)
Stlth  +.........               (no ring)
                                (no ring)

@: not resistant to hostile enchantments, very unstealthy
A: slimy green scales 1, strong 1, MP-powered wands
a: Renounce Religion


You were on level 4 of the Dungeon.
You worshipped Xom.
You were a plaything of Xom.
You were not hungry.

You visited 1 branch of the dungeon, and saw 3 of its levels.

You collected 83 gold pieces.

Inventory:

Hand Weapons
 a - a +0 hand axe of chaos (weapon)
Missiles
 e - 8 poisoned needles
Armour
 b - a +2 leather armour (worn)
Scrolls
 d - 2 scrolls of remove curse {unknown}
 f - 5 scrolls of identify {unknown}
 g - a scroll of teleportation {unknown}
 j - a scroll of fear {unknown}
Comestibles
 c - a bread ration
 h - 3 beef jerkies
 i - 3 chunks of flesh


   Skills:
 + Level 3.5 Fighting
 * Level 3.7 Axes
 - Level 1.7 Armour
 - Level 0.8 Dodging


You had 2 spell levels left.
You didn't know any spells.

Dungeon Overview and Level Annotations

Branches:
Dungeon (2/15)

Altars:


Innate Abilities, Weirdness & Mutations

You are partially covered in slimy green scales (AC +2).
Your muscles are strong. (Str +2)
You expend magic power (3 MP) to strengthen your wands.


Message History

* * * LOW HITPOINT WARNING * * *
A shower of butterflies erupts from you!
The hound completely misses you.
The ogre hits your butterfly with a giant club!
Your butterfly dies!
You miss the hound.
The hound is heavily wounded.
The hound closely misses you. The hound barely misses you.
The hound closely misses you. x2
You hit the hound.
You heal the hound.
The hound is completely healed.
You barely miss the ogre. The hound bites you but does no damage.
The ogre misses you.
You hear Xom's maniacal laughter.
Flames sear your flesh.
You are now a plaything of Xom.
The hound barely misses you. The hound bites you but does no damage.
The hound barely misses you. The hound bites you.
You die...
Xom howls with laughter!

.O. #.. #..
#.# #.####
.#
####....#..#
#.....b.....
#...........
#..O@##....
#..h.# #
#....#
#....#
#....#
######


You could see an ogre and a hound.

Vanquished Creatures
  2 adders (D:2)
  2 dart slugs (D:1)
  A giant gecko (D:1)
  4 giant cockroaches
  3 goblins
  2 hobgoblins
  2 jackals (D:1)
  2 bats (D:2)
  A giant newt (D:2)
  2 kobolds (D:1)
  3 rats
  A rat (shapeshifter) (D:1)
25 creatures vanquished.

Notes
Turn   | Place    | Note
--------------------------------------------------------------
     0 | D:1      | zxpr0jk the Demonspawn Chaos Knight began the quest for the Orb.
     0 | D:1      | Reached XP level 1. HP: 18/18 MP: 1/1
    22 | D:1      | XOM: silly message
    32 | D:1      | XOM: butterfly on damage
    85 | D:1      | Gained mutation: You are partially covered in slimy green scales (AC +2). [demonic ancestry]
    85 | D:1      | Reached XP level 2. HP: 16/24 MP: 2/2
   116 | D:1      | XOM: harmless Fire miscast
   354 | D:1      | XOM: severe Necr miscast
   355 | D:1      | Noticed a soul eater
   357 | D:1      | XOM: butterfly on damage
   460 | D:2      | Reached XP level 3. HP: 11/29 MP: 3/3
   526 | D:2      | XOM: give mutations
   526 | D:2      | Gained mutation: You expend magic power (3 MP) to strengthen your wands. [Xom's mischief]
   526 | D:2      | Gained mutation: Your muscles are strong. (Str +2) [Xom's mischief]
   631 | D:2      | You fall through a shaft for 2 floors!
   631 | D:4      | Noticed an ogre
   638 | D:4      | HP: 1/29 [ogre/giant club (18)]
   638 | D:4      | XOM: butterfly on damage
   643 | D:4      | XOM: mild Fire miscast
   645 | D:4      | Slain by a hound

Vault maps used:
D:1:      dpeg_arrival_houses_and_road, kennysheep_doodads,
          minmay_misc_feat_roman, minmay_misc_feat_cross
D:2:      nicolae_qazlal_style_of_elements, fedhas_altar_4
D:4:      serial_bayou_pond_c, uniq_grinder

Skill      XL: |  1 |
---------------+----+-----
Axes           | 3 |  3.7
Fighting       | |  3.5
Armour         | |  1.7
Dodging        | |  0.8

Action                   || total
-------------------------++-------
Melee: Hand axe          ||    78
  Use: Potion            ||     1
 Stab: Paralysed         ||     4
Armor: Leather armour    ||    36
Dodge: Dodged            ||    57
